AoeStats
← Fedequemero73

Pilgrims

507020522Analyzed
4v4 RM · 16d ago on Sep 16, 2026· 36m 13s· 8 players
Game mode
Random Map
Map size
Large (8 player)
Population
200
Speed
Normal
Resources
Standard
Victory
Conquest
Starting age
Dark Age
Ending age
Imperial Age
RankedLock teamsTeams togetherTeam positionsShared explorationLock speedFull tech treeHidden civsTurbo modeCheats
Victory
Defeat
🇹🇷 Turks · Türkiye
639
+15
🇨🇳 Wei · China
617
+16
🇻🇳 Vietnamese · Vietnam
612
+16
🇨🇳 Franks · China
583
+17
🇦🇺 Magyars · Australia
641
-17
🇨🇿 Teutons · Czechia
623
-16
🇪🇸 Bengalis · Spain
608
-16
🇷🇴 Turks · Romania
598
-15
sburaks
6:02 Loom
15:15 Feudal Age
17:23 Wheelbarrow
17:58 Fishing Lines
19:44 Double-Bit Axe
23:03 Bloodlines
25:27 Castle Age
26:13 Gillnets
25:44 Demolition Ship
27:24 Medium Warships
28:01 Hand Cart
31:13 Treadmill Crane
31:36 Scale Mail Armor
32:39 Town Watch
32:47 Gold Mining
32:48 Stone Mining
35:31 Forging
35:26 Scale Barding Armor
37:17 Iron Casting
36:47 Scale Barding Armor
37:04 Ballistics
JoelReagan
3:26 Loom
17:21 Feudal Age
19:05 Fishing Lines
32:42 Gold Mining
32:43 Stone Mining
33:28 Double-Bit Axe
36:36 Castle Age
36:04 Fletching
36:14 Padded Archer Armor
好运姐姐~
9:37 Feudal Age
13:53 Wheelbarrow
13:52 Double-Bit Axe
14:33 Gold Mining
15:49 Stone Mining
16:02 Stone Mining
16:35 Fishing Lines
23:50 Castle Age
25:02 Hand Cart
25:29 Husbandry
27:34 Gold Shaft Mining
29:18 Caravan
31:25 Coinage
37:32 Imperial Age
35:14 Scale Barding Armor
35:24 Forging
vanvuongnguyen614
13:36 Feudal Age
18:04 Castle Age
16:09 Double-Bit Axe
16:58 Horse Collar
17:57 Stone Mining
19:18 Bow Saw
19:11 Heavy Plow
19:14 Fletching
20:06 Bodkin Arrow
21:30 Padded Archer Armor
25:53 Stone Shaft Mining
26:37 Gold Mining
31:14 Thumb Ring
31:26 Leather Archer Armor
36:58 Imperial Age
Fedequemero73
9:50 Loom
11:35 Feudal Age
16:18 Fishing Lines
21:42 Double-Bit Axe
27:45 Castle Age
26:21 Wheelbarrow
25:54 Gold Mining
27:27 Bloodlines
32:33 Medium Warships
31:47 Demolition Ship
DJ RaveN
4:11 Loom
17:45 Feudal Age
17:59 Man-at-Arms
20:33 Town Watch
21:48 Wheelbarrow
25:50 Castle Age
23:56 Padded Archer Armor
23:47 Fletching
25:42 Stone Mining
zibo4074
6:57 Loom
15:21 Feudal Age
17:57 Fishing Lines
18:15 Double-Bit Axe
22:22 Castle Age
19:55 Man-at-Arms
20:21 Arson
22:03 Gold Mining
25:44 Stone Mining
25:59 Squires
26:49 Elite Skirmisher
29:18 Long Swordsman
29:44 Gambesons
30:38 Pikeman
32:40 Stone Shaft Mining
32:22 Scale Mail Armor
33:59 Wheelbarrow
33:13 Town Watch
Rango
4:17 Loom
14:28 Feudal Age
14:53 Fishing Lines
18:08 Man-at-Arms
23:10 Castle Age
21:46 Wheelbarrow
20:56 Town Watch
21:58 Arson
23:42 Elite Skirmisher
25:08 Gillnets
25:20 Demolition Ship
Connection lost

Rejoining the realm…

Still unreachable

The connection could not be restored.

Session expired

The server has moved on; the page needs a fresh start.